 Dungeon Crawl Stone Soup version 0.31-a0-221-gbddc013574 (webtiles) character file.

Game seed: 12816413788735684909

1090 qw the Chopper (level 8, -2/49 HPs)
             Began as a Gargoyle Fighter on July 4, 2023.
             Slain by a two-headed ogre
             ... wielding a +0 giant club
              (12 damage)
             ... on level 6 of the Dungeon.
             The game lasted 00:02:24 (4730 turns).

qw the Chopper (Gargoyle Fighter)                   Turns: 4730, Time: 00:02:26

Health: -2/49      AC: 20    Str: 22    XL:     8   Next: 31%
Magic:  8/8        EV:  6    Int: 12    God:
Gold:   32         SH:  4    Dex:  9    Spells: 7/7 levels left

rFire   . . .        Y - +0 war axe
rCold   . . .        c - +0 buckler
rNeg    + . .        g - +0 plate armour
rPois   inf          j - +1 helmet {Int+3}
rElec   +            (no cloak)
rCorr   .            i - +0 pair of gloves
SInv    .            (no boots)
Will    .....        (no amulet) Stlth
                     (no ring)
HPRegen 0.28/turn    (no ring)
MPRegen 0.11/turn

%: no passive effects
@: no status effects
A: sickness immunity, AC +5, negative energy resistance 1, electricity
resistance, torment resistance 1, petrification resistance
a: no special abilities


You were on level 6 of the Dungeon.
You visited 2 branches of the dungeon, and saw 7 of its levels.

You collected 340 gold pieces.
You spent 308 gold pieces at shops.


Innate Abilities, Weirdness & Mutations

You are immune to sickness and miasma.
Your stone body is resilient. (AC +5)
You are immune to poison.
You resist negative energy. (rN+)
You are resistant to electric shocks. (rElec)
You are resistant to unholy torment.
You are immune to petrification.


   Skills:
 - Level 5.2 Fighting
 + Level 7.5 Axes
 - Level 1.0 Throwing
 - Level 4.3 Armour
 - Level 1.0 Dodging
 - Level 3.2 Shields


You had 7 spell levels left.
You didn't know any spells.
Your spell library was empty.

Inventory:

Hand Weapons
 l - a +0 flail
 Y - a +0 war axe (weapon)
Armour
 c - a +0 buckler (worn)
 g - a +0 plate armour (worn)
 i - a +0 pair of gloves (worn)
 j - a +1 helmet of intelligence (worn)
Jewellery
 b - an amulet of guardian spirit
 f - a ring of fire
Scrolls
 r - a scroll of identify
Potions
 a - a potion of cancellation {unknown}
 d - 2 potions of might
 e - a potion of heal wounds {unknown}
 h - a potion of lignification {unknown}
 k - 3 potions of curing
 m - 2 potions of attraction
 n - a potion of degeneration {unknown}
 p - a potion of invisibility {unknown}
 q - 2 potions of mutation

Dungeon Overview and Level Annotations

Branches:
Dungeon (6/15)             Temple (1/1) D:4

Altars:
Ashenzari
Cheibriados
Elyvilon
Fedhas
Gozag
Hepliaklqana
Kikubaaqudgha
Makhleb
Nemelex Xobeh
Qazlal
Ru
Sif Muna
Trog
Uskayaw
Wu Jian
Zin
The Shining One

Shops:
D:6 !


Message History

You slash the two-headed ogre!
The two-headed ogre is lightly wounded.
The two-headed ogre hits you but does no damage.
The two-headed ogre closely misses you.
You slash the two-headed ogre!
The two-headed ogre is moderately wounded.
The two-headed ogre barely misses you.
The two-headed ogre hits you with a +0 giant club!
You slash the two-headed ogre!
The two-headed ogre is heavily wounded.
You slash the two-headed ogre!
The two-headed ogre is severely wounded.
The two-headed ogre hits you but does no damage.
The two-headed ogre hits you with a +0 giant club!
You hit the two-headed ogre but do no damage.
The two-headed ogre is severely wounded.
The two-headed ogre hits you but does no damage.
You block the two-headed ogre's attack.
You hit the two-headed ogre but do no damage.
The two-headed ogre is severely wounded.
The orc wizard gestures wildly while chanting.
The orc wizard flickers and vanishes!
Deactivating autopickup; reactivate with Ctrl-A.
The two-headed ogre hits you but does no damage.
The two-headed ogre barely misses you.
You hear a shout!
You slash the two-headed ogre!
The two-headed ogre is almost dead.
You barely miss the two-headed ogre.
The two-headed ogre is almost dead.
The two-headed ogre hits you but does no damage. x2
You hit the two-headed ogre.
The two-headed ogre is almost dead.
The two-headed ogre barely misses you.
The two-headed ogre hits you with a +0 giant club.
You closely miss the two-headed ogre.
The two-headed ogre is almost dead.
The two-headed ogre hits you with a +0 giant club.
The two-headed ogre hits you with a +0 giant club!
You die...

........##.######.###......######
###...............###.)....#.....
#....###............#....#.....
#######.######...##.....
...............#..#.....
.####.....####.#........ ##...##
#.##%.##### ##.## #.###.....# #@#
##.##....... #O# ##..#|.#....#
.{O###.....##....# ..8o.......##
##.## ##...###...## ##..# +#.#'
##..# #.... #.#( ##.# #...# #.##.
#.# #...# #.#####...#


You could see a two-headed ogre, an ogre and an orc.

Vanquished Creatures
  Duvessa (D:6)
  An ogre (D:6)
  5 scorpions
  A wight (D:6)
  Dowan (D:6)
  A howler monkey (D:5)
  2 hounds
  An orc priest (D:4)
  4 orc wizards
  Robin (D:4)
  9 adders
  7 gnolls (D:6)
  A white imp (D:6)
  A worm (D:2)
  A dart slug (D:5)
  19 orcs
  3 bats (D:3)
  3 endoplasms
  4 giant cockroaches
  14 goblins
  7 hobgoblins
  4 jackals (D:3)
  3 quokkas
  9 ball pythons
  A frilled lizard (D:1)
  5 kobolds
  2 rats (D:1)
111 creatures vanquished.

Vanquished Creatures (others)
  An orc wizard (D:4)
1 creature vanquished.

Grand Total: 112 creatures vanquished

Notes
Turn   | Place    | Note
-------+----------+-------------------------------------------
     0 | D:1      | qw the Gargoyle Fighter began the quest for the Orb.
     0 | D:1      | Reached XP level 1. HP: 14/14 MP: 1/1
     0 | D:1      | 0 ||| qw: Version: 0.3-a-41-g9d075ac
     0 | D:1      | 0 ||| qw: Game counter: 841
     0 | D:1      | 0 ||| qw: Melee chars always use a shield: true
     0 | D:1      | 0 ||| qw: God list: Okawaru
     0 | D:1      | 0 ||| qw: Allow faded altars: false
     0 | D:1      | 0 ||| qw: Do Orc after clearing Dungeon:15 true
     0 | D:1      | 0 ||| qw: Do second Lair branch before Depths: true
     0 | D:1      | 0 ||| qw: Lair rune preference: random
     0 | D:1      | 0 ||| qw: Goals: Normal, Zot:1-4, Slime:5, God:TSO, Crypt,
                  | Tomb, Abyss, Pan, Hells, Win
     0 | D:1      | 0 ||| PLANNING D:1-11
    26 | D:1      | Reached skill level 2 in Axes
   258 | D:1      | Reached XP level 2. HP: 17/19 MP: 2/2
   403 | D:1      | 403 ||| UPGRADING to +0 plate armour.
   413 | D:1      | 413 ||| DROPPING +0 scale mail.
   414 | D:1      | 414 ||| READING scroll labelled TOENAM DYPU.
   439 | D:2      | 439 ||| Stepping ~*~*~tactically~*~*~ (stealth).
   804 | D:2      | Reached skill level 3 in Axes
   804 | D:2      | Reached XP level 3. HP: 23/23 MP: 3/3
  1128 | D:2      | Found a hide-covered altar of Uskayaw.
  1168 | D:2      | 1168 ||| Stepping ~*~*~tactically~*~*~ (stealth).
  1234 | D:2      | 1234 ||| READING 2 scrolls labelled QEPOEM IDIMOG.
  1239 | D:2      | 1239 ||| READING scroll labelled NUTUZE MEIFARPH.
  1240 | D:2      | 1240 ||| READING scroll labelled NURRYLU XICLICH.
  1344 | D:3      | Reached XP level 4. HP: 28/28 MP: 4/4
  1729 | D:3      | Identified the +1 hand axe of Insufficient Pleasure
                  | {freeze, Str+3 Int+4}
  1732 | D:3      | 1732 ||| Stepping ~*~*~tactically~*~*~ (hiding).
  1738 | D:3      | Reached skill level 4 in Axes
  1941 | D:3      | 1941 ||| UPGRADING to +0 pair of gloves.
  2023 | D:4      | 2023 ||| STAIRDANCE
  2064 | D:4      | 2064 ||| STAIRDANCE
  2090 | D:4      | 2090 ||| STAIRDANCE
  2156 | D:4      | Noticed Robin
  2161 | D:4      | Reached XP level 5. HP: 29/32 MP: 5/5
  2174 | D:4      | 2174 ||| Stepping ~*~*~tactically~*~*~ (hiding).
  2188 | D:4      | Killed Robin
  2479 | D:4      | Reached skill level 5 in Axes
  2575 | D:4      | Found a staircase to the Ecumenical Temple.
  2576 | D:4      | 2576 ||| PLANNING TEMPLE
  2576 | D:4      | 2576 ||| UPGRADING to +1 helmet of intelligence.
  2587 | Temple   | Entered the Ecumenical Temple
  2676 | Temple   | 2676 ||| PLANNING D:1-11
  2737 | D:4      | HP: 7/33 [something/magic dart (4)]
  2742 | D:4      | HP: 4/33 [orc/+0 trident (4)]
  2744 | D:4      | 2744 ||| READING scroll of teleportation.
  2850 | D:4      | 2850 ||| FLEEEEING.
  2963 | D:4      | Reached XP level 6. HP: 38/38 MP: 6/6
  2994 | D:4      | 2994 ||| Stepping ~*~*~tactically~*~*~ (stealth).
  3254 | D:5      | Entered Level 5 of the Dungeon
  3260 | D:5      | 3260 ||| STAIRDANCE
  3270 | D:4      | Reached skill level 6 in Axes
  3304 | D:5      | 3304 ||| Stepping ~*~*~tactically~*~*~ (stealth).
  3316 | D:5      | 3316 ||| DROPPING +0 mace.
  3363 | D:5      | Reached XP level 7. HP: 43/43 MP: 7/7
  3512 | D:5      | 3512 ||| Stepping ~*~*~tactically~*~*~ (stealth).
  3896 | D:5      | 3896 ||| READING 2 scrolls labelled KIDDON ULAOKK.
  3897 | D:5      | 3897 ||| DRINKING 2 black potions.
  3898 | D:5      | 3898 ||| DROPPING scroll of fog.
  3925 | D:6      | Reached skill level 1 in Throwing
  4087 | D:6      | Found Xaesoxor's Distillery.
  4093 | D:6      | 4093 ||| BUYING 2 potions of mutation (224 gold).
  4093 | D:6      | Bought 2 potions of mutation for 224 gold pieces
  4093 | D:6      | 4093 ||| BUYING potion of attraction (42 gold).
  4093 | D:6      | Bought a potion of attraction for 42 gold pieces
  4093 | D:6      | 4093 ||| BUYING potion of curing (42 gold).
  4093 | D:6      | Bought a potion of curing for 42 gold pieces
  4093 | D:6      | 4093 ||| SHOPLISTING potion of enlightenment (70 gold, have
                  | 2).
  4093 | D:6      | 4093 ||| SHOPLISTING potion of haste (140 gold, have 2).
  4093 | D:6      | 4093 ||| SHOPLISTING potion of might (56 gold, have 2).
  4153 | D:6      | Found an opulent altar of Gozag.
  4174 | D:6      | Noticed Duvessa
  4174 | D:6      | Noticed Dowan
  4175 | D:6      | 4175 ||| Stepping ~*~*~tactically~*~*~ (stealth).
  4176 | D:6      | 4176 ||| Stepping ~*~*~tactically~*~*~ (stealth).
  4187 | D:6      | Killed Duvessa
  4188 | D:6      | Reached skill level 7 in Axes
  4199 | D:6      | HP: 9/43 [scorpion (4)]
  4200 | D:6      | 4200 ||| READING 2 scrolls of teleportation.
  4203 | D:6      | HP: 4/43 [Dowan/+0 dagger (1)]
  4205 | D:6      | Reached XP level 8. HP: 5/48 MP: 8/8
  4457 | D:6      | Killed Dowan
  4458 | D:6      | Reached skill level 1 in Dodging
  4466 | D:6      | HP: 10/49 [white imp/puff of frost (11)]
  4467 | D:6      | 4467 ||| READING scroll of teleportation.
  4469 | D:6      | HP: 4/49 [white imp/puff of frost (7)]
  4713 | D:6      | 4713 ||| Stepping ~*~*~tactically~*~*~ (stealth).
  4714 | D:6      | Noticed a two-headed ogre
  4729 | D:6      | HP: 11/49 [two-headed ogre/+0 giant club (6)]
  4730 | D:6      | Slain by a two-headed ogre

Levels and vault maps discovered:
D:1:      dpeg_arrival_arbitrary_b, layout_rooms
D:2:      layout_loops_corners, basic_altar
D:3:      layout_basic
D:4:      layout_loops_ring, minmay_temple_entry_trees, kennysheep_small_spiral,
          uniq_robin
D:5:      layout_cave_pools, kennysheep_nondescript,
          hangedman_abyss_or_decor_stagger
D:6:      cheibrodos_barr_body, layout_basic, grunt_gozag_statues, serial_shops,
          nicolae_shop_rolling_square, uniq_duvessa
Temple:   nicolae_temple_superstar

Skill      XL: |  1  2  3  4  5  6  7  8 |
---------------+-------------------------+-----
Axes           | 2 3 4 5 6 7 |  7.5
Fighting       | 4 5 |  5.2
Armour         | 4 |  4.3
Throwing       | 1 |  1.0
Dodging        | 1 |  1.0
Shields        | |  3.2

Action                     |  1- 3 |  4- 6 |  7- 9 || total
---------------------------+-------+-------+-------++-------
  Melee: War axe           |    92 |   183 |   136 ||   411
  Throw: Javelin           |       |     7 |     7 ||    14
    Use: Scroll            |     4 |     1 |     3 ||     8
         Potion            |       |       |     1 ||     1
 Armour: Scale mail        |    16 |       |       ||    16
         Plate armour      |    38 |   180 |   116 ||   334
  Dodge: Dodged            |    17 |    59 |    47 ||   123
  Block: Buckler           |    15 |    43 |    28 ||    86

Table legend:
 A = Non-vault XP
 B = Vault XP
 C = Vault XP percentage of total XP
 D = Non-vault monster count
 E = Vault monster count
 F = Vault count percentage of total count
                 A         B        C        D         E       F
            +---------+---------+-------+---------+---------+-------
      Total |    1240 |     318 |  20.4 |      96 |      16 |  14.3
            +---------+---------+-------+---------+---------+-------
        D:1 |      16 |       0 |   0.0 |      10 |       0 |   0.0
        D:2 |      53 |       0 |   0.0 |      15 |       0 |   0.0
        D:3 |      86 |       0 |   0.0 |      20 |       0 |   0.0
        D:4 |     372 |      35 |   8.6 |      24 |      13 |  35.1
        D:5 |     156 |       0 |   0.0 |      11 |       0 |   0.0
        D:6 |     557 |     283 |  33.7 |      16 |       3 |  15.8
            +---------+---------+-------+---------+---------+-------
